Map: Blueshift LE

Players

CeeF - Winner!

  • Race: Terran Terran
  • League: Diamond
  • Spawn Location: 1:00

Fighter

  • Race: Zerg Zerg
  • League: Platinum
  • Spawn Location: 7:00

VOD

Have the link to the VOD?

Description

I'm the zerg player :)

Time

  • Played on: Nov. 27, 2018, 4:11 p.m.
  • Length: 27:57
Show
View Real Time Build Order
Export as new Build Order

CeeF Terran - Winner!

Build Orders: Reaper Expand, Hellion Banshee, Mech 

Get SALT Encoding   

  12  0:00  SCV  
  13  0:13  SCV  
  14  0:20  Supply Depot  
  14  0:25  SCV  
  15  0:41  SCV  
  16  0:43  Barracks  
  16  0:46  Refinery  
  16  0:53  SCV  
  17  1:06  SCV  
  18  1:18  SCV  
  19  1:32  Reaper  
  20  1:33  Orbital Command  
  20  1:43  Command Center  
  20  1:59  Supply Depot  
  20  2:01  SCV  
  21  2:06  Refinery  
  21  2:07  Barracks Reactor  
  21  2:13  SCV  
  22  2:25  SCV  
  22  2:27  Factory  
  23  2:37  SCV  
  24  2:46  Marine x2  
  24  2:49  SCV  
  27  2:55  Orbital Command  
  27  2:57  Bunker  
  27  3:01  SCV  
  28  3:12  Factory Tech Lab  
  26  3:15  Starport  
  26  3:23  SCV  
  26  3:25  Factory  
  27  3:36  Marine  
  31  3:47  SCV  
  29  4:00  Orbital Command  
  33  4:03  Hellion x2  
  33  4:07  Banshee  
  33  4:08  Cloaking Field  
  33  4:09  Factory Tech Lab  
  36  4:14  SCV  
  36  4:15  Engineering Bay  
  41  4:24  Hellion x2  
  41  4:26  SCV x2  
  43  4:38  SCV x2  
  44  4:40  Supply Depot  
  44  4:44  Marine  
  46  4:46  Siege Tank  
  46  4:47  Hellion x2  
  46  4:50  SCV  
  54  4:56  Supply Depot  
  54  5:02  Banshee, SCV x2  
  54  5:03  Bunker  
  59  5:08  Widow Mine  
  59  5:13  Missile Turret  
  61  5:14  SCV  
  61  5:17  SCV  
  61  5:18  Widow Mine  
  61  5:19  Supply Depot  
  65  5:26  SCV  
  66  5:29  SCV  
  67  5:38  SCV  
  67  5:41  Supply Depot  
  68  5:45  Viking  
  68  5:46  Command Center  
  68  5:47  Siege Tank  
  68  5:48  Hellion  
  75  5:54  SCV x2  
  77  6:06  SCV  
  77  6:09  Hellion x2  
  82  6:19  Siege Tank  
  82  6:20  SCV  
  82  6:25  Supply Depot  
  86  6:26  SCV  
  86  6:32  Widow Mine, SCV  
  92  6:33  Widow Mine  
  92  6:35  Factory  
  92  6:36  Refinery  
  92  6:38  Refinery  
  92  6:39  Missile Turret  
  92  6:40  SCV  
  92  6:44  SCV  
  94  6:48  Factory  
  94  6:52  SCV  
  92  7:22  Hellion, Cyclone  
  99  7:23  Hellion  
  99  7:30  SCV x2  
  101  7:41  Factory Tech Lab  
  101  7:42  Factory Tech Lab, SCV  
  102  7:45  Armory  
  102  7:47  Armory, Viking  
  102  7:48  SCV  
  105  7:54  SCV  
  105  7:58  Siege Tank  
  109  8:00  Widow Mine, SCV  
  112  8:06  SCV  
  112  8:08  Missile Turret  
  112  8:10  Missile Turret  
  112  8:12  Missile Turret  
  113  8:13  Refinery  
  113  8:16  Refinery  
  113  8:19  SCV x3  
  102  8:51  Siege Tank  
  102  8:52  Siege Tank x2  
  109  9:09  Planetary Fortress  
  109  9:10  SCV x2  
  111  9:19  Terran Vehicle And Ship Armor Level 1, Terran Vehicle Weapons Level 1  
  111  9:22  SCV  
  111  9:24  Siege Tank  
  115  9:28  Factory  
  115  9:29  Widow Mine  
  116  9:35  Widow Mine x3  
  122  9:48  SCV x3  
  125  9:55  Drilling Claws  
  125  9:56  Infernal Pre-Igniter  
  125  10:02  Supply Depot  
  125  10:03  Hellion x4  
  125  10:04  Supply Depot  
  133  10:14  Command Center  
  133  10:22  Factory Tech Lab  
  133  10:24  Siege Tank x2, Hellion  
  133  10:25  Siege Tank  
  133  10:26  Supply Depot  
  133  10:27  Neosteel Armor  
  144  10:30  Supply Depot  
  144  10:34  SCV x2  
  146  10:45  Starport  
  146  10:50  Supply Depot  
  146  10:51  SCV x3  
  146  10:57  Siege Tank  
  152  11:00  Raven  
  152  11:01  Missile Turret  
  152  11:03  Siege Tank, SCV x2  
  162  11:04  Siege Tank  
  145  11:44  Siege Tank x2  
  145  11:45  Siege Tank x2  
  145  11:46  Hellion x2  
  161  11:48  Starport Reactor  
  161  11:50  Raven  
  161  11:52  SCV  
  161  11:53  SCV x2  
  166  12:04  SCV  
  167  12:12  Factory  
  167  12:13  Factory  
  167  12:23  Liberator x2  
  167  12:27  Hellion x2  
  167  12:28  Hellion x2  
  175  12:31  Hellion  
  175  12:33  Hellion  
  175  12:36  Terran Vehicle Weapons Level 2  
  179  12:37  Terran Ship Weapons Level 1  
  179  12:43  Supply Depot  
  185  12:44  Supply Depot  
  185  13:01  Factory Tech Lab x2  
  185  13:26  Hellion  
  185  13:27  Hellion x6  
  196  13:41  Hellion  
  187  13:44  Liberator  
  187  13:45  Liberator x2  
  187  13:48  Hellion x3  
  187  13:53  Hellion x3  
  187  13:54  Hellion  
  187  13:55  Hellion x5  
  189  14:02  Hellion  
  200  14:14  Missile Turret  
  200  14:15  Fusion Core  
  182  14:25  Thor, Siege Tank x2  
  182  14:26  Siege Tank x2  
  192  14:46  Hellion x2  
  192  14:47  Hellion  
  198  14:58  Hellion  
  144  16:07  Thor x2  
  144  16:08  Siege Tank x4  
  163  16:31  Terran Vehicle And Ship Armor Level 2  
  163  16:32  Terran Vehicle Weapons Level 3  
  163  16:33  Hellion x2  
  163  16:38  Command Center  
  167  16:40  Siege Tank x2  
  167  16:41  Hellion x2  
  177  16:51  Hellion  
  134  17:17  Thor x2  
  134  17:18  Siege Tank x4  
  134  17:19  Hellion x2  
  162  17:40  Hellion x2  
  166  17:50  Hellion  
  166  17:51  Hellion x3  
  157  17:52  Missile Turret  
  156  18:00  Thor  
  156  18:01  Siege Tank  
  165  18:12  Siege Tank x3, Starport  
  174  18:13  Missile Turret  
  174  18:24  Planetary Fortress  
  174  18:32  Missile Turret  
  174  18:41  Refinery  
  174  18:44  Refinery  
  174  18:55  Missile Turret  
  166  19:10  Thor  
  166  19:11  Siege Tank x2, Hellion  
  166  19:12  Hellion x4  
  188  19:32  Starport Tech Lab  
  188  19:37  Banshee  
  191  19:40  Hyperflight Rotors  
  156  20:18  Hellion x7  
  156  20:19  Hellion  
  172  20:26  Planetary Fortress  
  172  20:27  Banshee  
  172  20:28  Banshee  
  178  20:40  Hellion  
  178  20:45  Refinery  
  178  20:55  SCV x3  
  181  21:04  SCV  
  181  21:07  SCV x3  
  181  21:11  Banshee x2  
  185  21:17  SCV  
  192  21:49  Command Center  
  192  21:50  Refinery  
  192  21:54  Missile Turret, Banshee x2  
  192  21:57  Missile Turret  
  143  22:33  Thor, Siege Tank x3  
  143  22:34  Siege Tank, Hellion x2  
  165  23:14  Refinery  
  102  23:39  Hellion  
  102  23:40  Hellion x6  
  116  23:46  SCV x3  
  119  23:58  SCV x2  
  121  24:03  Siege Tank x2  
  121  24:04  Siege Tank  
  130  24:16  SCV x2  
  129  24:50  Hellion x2  
  129  24:51  Hellion  
  112  26:23  Hellion  
  112  26:24  Hellion x5, SCV x2  
  112  26:25  SCV  
  127  26:36  SCV  
  128  26:52  Command Center  
  126  27:25  Siege Tank x2  
Show
View Real Time Build Order
Export as new Build Order

Fighter Zerg 

Build Orders: Hatch First, Swarm Host 

Get SALT Encoding   

  12  0:01  Drone  
  13  0:09  Drone  
  14  0:16  Overlord  
  14  0:21  Extractor  
  13  0:23  Drone  
  15  0:36  Drone x2  
  17  0:53  Hatchery  
  17  0:55  Drone  
  17  0:59  Drone  
  17  1:03  Extractor  
  17  1:14  Spawning Pool  
  17  1:17  Drone  
  17  1:20  Drone  
  18  1:27  Drone  
  19  1:39  Overlord  
  19  2:01  Queen  
  19  2:02  Zergling x2  
  19  2:03  Zergling x2  
  19  2:06  Drone  
  19  2:07  Metabolic Boost  
  24  2:12  Drone  
  25  2:22  Drone x2  
  27  2:29  Drone  
  28  2:40  Hatchery  
  27  2:45  Queen  
  29  2:53  Overlord  
  29  2:54  Drone x4  
  33  3:00  Drone  
  34  3:09  Drone  
  35  3:17  Overlord  
  35  3:18  Drone  
  35  3:19  Drone x2  
  38  3:20  Queen  
  40  3:30  Overlord x2  
  40  3:36  Drone  
  41  3:50  Drone x3  
  41  3:51  Roach Warren, Drone x2  
  41  3:54  Queen  
  47  3:57  Lair  
  47  4:08  Extractor x2, Drone x6  
  51  4:20  Overlord x2  
  51  4:21  Overlord  
  51  4:26  Drone x5  
  56  4:47  Drone x5  
  56  4:48  Overlord x2  
  61  5:09  Evolution Chamber  
  60  5:15  Evolution Chamber  
  59  5:22  Glial Reconstitution  
  59  5:30  Roach x8  
  59  5:31  Roach x8  
  90  5:40  Zerg Missile Weapons Level 1  
  90  5:47  Overlord  
  90  5:48  Overlord x4  
  90  5:54  Extractor  
  90  5:55  Extractor  
  88  6:01  Queen  
  88  6:02  Queen x2  
  94  6:12  Spore Crawler  
  94  6:15  Infestation Pit  
  94  6:16  Overseer x2  
  92  6:21  Overseer  
  92  6:23  Spore Crawler  
  91  6:29  Spore Crawler  
  90  6:36  Drone x3  
  90  6:37  Drone x13  
  106  6:44  Tunneling Claws  
  104  6:57  Spore Crawler  
  99  7:03  Spore Crawler  
  95  7:17  Swarm Host  
  95  7:18  Swarm Host x5  
  113  7:34  Drone  
  113  7:35  Drone x13  
  127  7:37  Zerg Missile Weapons Level 2  
  127  7:40  Overlord  
  127  8:05  Swarm Host x3  
  130  8:08  Spore Crawler x2, Hatchery  
  130  8:11  Extractor  
  130  8:12  Extractor  
  130  8:22  Burrow  
  126  8:52  Drone x3  
  126  8:53  Drone x15  
  144  9:30  Overlord  
  144  9:31  Overlord x7  
  144  9:48  Zerg Ground Armor Level 1  
  144  9:52  Overseer  
  144  10:10  Pneumatized Carapace  
  144  10:13  Swarm Host  
  144  10:14  Swarm Host x5  
  162  10:22  Hive  
  162  10:35  Roach x15  
  192  10:36  Roach x3  
  198  11:51  Zerg Ground Armor Level 2, Zerg Missile Weapons Level 3  
  160  12:24  Ravager  
  160  12:25  Ravager x14  
  160  12:28  Roach  
  160  12:29  Roach x11  
  199  12:35  Overseer x2  
  199  12:56  Hatchery  
  198  13:07  Roach  
  141  16:08  Roach x3  
  141  16:09  Roach x26  
  188  16:52  Extractor  
  188  16:53  Hatchery  
  186  16:55  Extractor  
  138  17:21  Roach x15  
  138  17:22  Roach x12  
  192  17:24  Overlord x5  
  190  17:59  Drone  
  190  18:00  Drone x9  
  190  18:04  Zerg Ground Armor Level 3  
  200  18:35  Overlord  
  200  18:36  Overlord x8  
  197  19:49  Roach x2  
  197  19:50  Roach x2  
  189  20:28  Viper  
  189  20:29  Viper x2  
  196  20:58  Roach x3  
  156  22:30  Roach  
  156  22:31  Roach x19  
  156  22:32  Roach x3  
  195  22:44  Spore Crawler x2  
  193  22:45  Spore Crawler  
  84  23:36  Roach  
  84  23:37  Roach x13  
  73  23:48  Roach  
  73  23:49  Roach x2  
  77  24:18  Hatchery  
  77  24:21  Hatchery  
  77  24:23  Hatchery  
  74  24:26  Hatchery  
  71  24:40  Overseer x4  
  58  25:08  Spore Crawler  
  40  25:29  Viper  
  40  25:30  Viper x5  
  57  25:56  Roach x15  
  69  26:13  Roach  
  69  26:14  Roach x3  
  75  26:29  Roach  
  75  26:30  Roach x7  
  91  26:35  Queen x3  
  91  26:36  Queen  
  99  27:05  Unknown  
Tags
 
Add a new tag
Caveats
  • Supply blocks, unpowered buildings, or Contaminate may cause inaccurate times.
  • Supply counts are checked every 10 seconds.